AoeStats
← Marbas

Arena

507935302Analyzed
1v1 RM · 12d ago on Sep 20, 2026· 72m 35s· 2 players
Game mode
Random Map
Map size
Tiny (2 player)
Population
200
Speed
Normal
Resources
Standard
Victory
Conquest
Starting age
Dark Age
Ending age
Imperial Age
RankedLock teamsTeams togetherTeam positionsShared explorationLock speedFull tech treeHidden civsTurbo modeCheats
Victory
Defeat
🇪🇸 Franks · Spain
1690
+21
🇷🇺 Georgians · Russia
1802
-21
jaumecr25
10:17 Feudal Age
14:25 Castle Age
12:16 Double-Bit Axe
14:34 Light Cavalry
16:21 Husbandry
22:12 Wheelbarrow
24:27 Hand Cart
26:06 Stone Mining
26:14 Loom
27:24 Squires
26:45 Pikeman
27:27 Scale Mail Armor
29:58 Imperial Age
30:20 Imperial Age
28:06 Forging
29:25 Chain Mail Armor
29:46 Iron Casting
29:49 Gold Mining
30:27 Halberdier
31:31 Arson
33:05 Blast Furnace
33:58 Plate Mail Armor
35:19 Chemistry
34:21 Padded Archer Armor
34:54 Scale Barding Armor
36:06 Cavalier
37:01 Leather Archer Armor
37:51 Chain Barding Armor
37:29 Paladin
39:05 Gold Shaft Mining
40:00 Plate Barding Armor
39:31 Fletching
41:53 Masonry
46:37 Bodkin Arrow
47:07 Ballistics
51:39 Capped Ram
52:26 Siege Engineers
60:15 Conscription
61:39 #83
61:40 Conscription
60:45 Elite Throwing Axeman
Marbas
10:39 Feudal Age
12:03 Double-Bit Axe
14:20 Castle Age
12:26 Horse Collar
14:49 Light Cavalry
21:44 Bloodlines
23:43 Bow Saw
24:52 Wheelbarrow
26:36 Gold Mining
27:23 Loom
28:18 Forging
28:03 Pikeman
28:44 Squires
31:40 Imperial Age
29:24 Scale Mail Armor
30:59 Stone Mining
33:23 Chemistry
33:44 Iron Casting
33:54 Masonry
35:20 Conscription
35:55 Architecture
37:19 Padded Archer Armor
36:44 Halberdier
37:18 Town Watch
37:36 Treadmill Crane
38:59 Chain Mail Armor
39:25 Hand Cart
39:14 Elite Skirmisher
40:46 Plate Mail Armor
41:48 Leather Archer Armor
42:56 Hoardings
43:53 Blast Furnace
42:56 Fletching
46:47 Stone Shaft Mining
46:51 Heavy Plow
48:21 Bodkin Arrow
52:21 Ballistics
57:40 Capped Ram
61:26 Arson
61:55 Town Patrol
62:04 Siege Engineers
63:42 Treadmill Crane
64:35 Bracer
66:33 Scale Barding Armor
68:33 Chain Barding Armor
71:39 Plate Barding Armor
71:45 Husbandry
Connection lost

Rejoining the realm…

Still unreachable

The connection could not be restored.

Session expired

The server has moved on; the page needs a fresh start.